 Dungeon Crawl Stone Soup version 0.27-a0-200-g8ba017916c (webtiles) character file.

Game seed: 988694438819594465

212 hatsuma the Magician (level 5, -3/25 HPs)
             Began as a Deep Elf Hedge Wizard on Jan 29, 2021.
             Was an Initiate of Hepliaklqana.
             Killed by divine providence
             ... invoked by an orc priest
              (11 damage)
             ... on level 3 of the Dungeon.
             The game lasted 00:32:20 (4027 turns).

hatsuma the Magician (Deep Elf Hedge Wizard)        Turns: 4027, Time: 00:32:21

Health: -3/25      AC:  4    Str:  8    XL:     5   Next: 58%
Magic:  10/13      EV: 13    Int: 19    God:    Hepliaklqana [......]
Gold:   168        SH:  0    Dex: 14    Spells: 2/12 levels left

rFire    . . .     SeeInvis .   g - +2 dagger (drain)
rCold    . . .     Faith    .   (no shield)
rNeg     . . .     Spirit   .   b - +0 robe
rPois    .         Reflect  .   c - +1 hat
rElec    .         Harm     .   (no cloak)
rCorr    .         Rampage  .   k - +0 pair of gloves
Will     .....                  (no boots)
Stlth    ++........             (no amulet)
HPRegen  0.08/turn              (no ring)
MPRegen  0.13/turn              (no ring)

@: no status effects
A: reduced essence
a: Renounce Religion, Recall Ancestor, Ancestor Identity


You were on level 3 of the Dungeon.
You worshipped Hepliaklqana.
Hepliaklqana was noncommittal.
You visited 1 branch of the dungeon, and saw 3 of its levels.

You collected 168 gold pieces.

Inventory:

Hand Weapons
 g - a +2 dagger of draining (weapon)
Missiles
 f - 79 arrows
 h - 2 javelins
 i - 25 poisoned darts
Armour
 b - a +0 robe (worn)
 c - a +1 hat (worn)
 k - a +0 pair of gloves (worn)
 m - a +2 ring mail of willpower
 r - a +1 pair of gloves
Jewellery
 p - a +4 ring of evasion {unknown}
Scrolls
 d - a scroll of magic mapping
 j - 2 scrolls of teleportation
 l - a scroll of noise {unknown}
 q - a scroll of amnesia {unknown}
Potions
 a - a potion of heal wounds {unknown}
 e - 2 potions of curing {unknown}
 n - a potion of degeneration {unknown}
 o - a potion of mutation {unknown}


   Skills:
 - Level 2.4 Dodging
 - Level 2.4 Stealth
 - Level 4.4 Spellcasting
 - Level 4.3 Conjurations
 - Level 2.2 Hexes
 - Level 2.0 Summonings
 - Level 2.0 Translocations
 - Level 2.4 Fire Magic
 + Level 0.0 Poison Magic


You had 2 spell levels left.
You knew the following spells:

 Your Spells              Type           Power        Failure   Level
a - Magic Dart            Conj           80%          2%          1
b - Slow                  Hex            12%          8%          2
c - Call Imp              Summ           11%          9%          2
d - Blink                 Tloc           N/A          9%          2
e - Conjure Flame         Conj/Fire      16%          10%         3

Your spell library contained the following spells:

 Spells                   Type           Power        Failure   Level
 Mephitic Cloud           Conj/Pois/Air  9%           22%         3


Dungeon Overview and Level Annotations

Branches:
Dungeon (3/15)

Altars:
Gozag
Hepliaklqana

Annotations:
D:3 1 runed translucent door, Grinder; shakesphere1979's ghost, amateur DECj


Message History

Ouch! That really hurt!
Your shadow imp disappears in a puff of smoke!
You hit the orc priest. You drain the orc priest.
The orc priest is severely wounded.
The orc priest hits you but does no damage.
Casting: Call Imp (safe; 9% risk of failure)
Confirm with . or Enter, or press ? or * to list all spells.
A shadowy apparition takes form in the air.
Your shadow imp says, "I yield to your fealty, my grandiloquent and awesome ban!"
The orc priest hits your shadow imp with a +0 dagger.
You hit the orc priest but do no damage.
You drain the orc priest.
The orc priest is severely wounded.
The orc priest closely misses your shadow imp.
Your shadow imp hits the orc priest.
You closely miss the orc priest.
The orc priest is almost dead.
The orc priest mumbles some strange prayers to Beogh against you.
Beogh smites you!
You die...

#.# #.# #.#
#.# #.# #.#
#.# #.#
..#######@#
#...w{roo5#
..#########


You could see a worm, an orc priest (drained), an orc, a rat and a friendly
shadow imp (summoned).

Vanquished Creatures
  2 orc wizards (D:3)
  2 adders (D:2)
  A worm (D:3)
  2 dart slugs
  3 leopard geckos
  4 orcs (D:3)
  A giant cockroach (D:2)
  4 goblins
  6 hobgoblins
  2 bats (D:1)
  4 frilled lizards
  5 kobolds
  8 rats
44 creatures vanquished.

Vanquished Creatures (collateral kills)
  An orc priest (D:3)
  Jessica (D:2)
  An orc wizard (D:3)
  2 adders
  A worm (D:3)
  A dart slug (D:1)
  A leopard gecko (D:3)
  4 orcs (D:3)
  2 giant cockroaches (D:1)
  5 goblins
  4 hobgoblins
  5 jackals
  3 kobolds (D:2)
  2 frilled lizards
  3 rats
36 creatures vanquished.

Vanquished Creatures (others)
  2 ancestors (D:3)
2 creatures vanquished.

Grand Total: 82 creatures vanquished

Notes
Turn   | Place    | Note
-------+----------+-------------------------------------------
     0 | D:1      | hatsuma the Deep Elf Hedge Wizard began the quest for the
                  | Orb.
     0 | D:1      | Reached XP level 1. HP: 10/10 MP: 7/7
    37 | D:1      | Reached skill level 1 in Hexes
   421 | D:1      | Reached XP level 2. HP: 15/15 MP: 6/9
   429 | D:1      | Learned a level 2 spell: Slow
   432 | D:1      | Learned a level 2 spell: Call Imp
   435 | D:1      | Learned a level 2 spell: Blink
  1305 | D:2      | Reached XP level 3. HP: 6/19 MP: 2/10
  1518 | D:2      | Learned a level 3 spell: Conjure Flame
  1563 | D:2      | Noticed Jessica
  1606 | D:2      | Killed Jessica
  1607 | D:2      | Reached skill level 1 in Fire Magic
  2043 | D:2      | Reached XP level 4. HP: 24/24 MP: 9/12
  2280 | D:2      | Found an opulent altar of Gozag.
  2414 | D:3      | Found a runed translucent door.
  2435 | D:3      | Noticed shakesphere1979's ghost (amateur DECj)
  2540 | D:3      | Noticed Grinder
  2540 | D:3      | Paralysed by Grinder for 6 turns
  3132 | D:3      | Reached XP level 5. HP: 14/28 MP: 6/13
  3634 | D:3      | Found a hazy altar of Hepliaklqana.
  3638 | D:3      | Became a worshipper of Hepliaklqana the Forgotten
  4027 | D:3      | Killed from afar by an orc priest

Illustrated notes

Levels and vault maps discovered:
D:1:      dpeg_arrival_oval, layout_basic
D:2:      layout_rooms, lemuel_coloured_pillars_altar, uniq_jessica
D:3:      layout_loops_ring, nzn_hepliaklqana_mist_gate, ebering_ghost_sewer_f,
          uniq_grinder

Skill      XL: |  1  2  3  4  5 |
---------------+----------------+-----
Hexes          | 2 |  2.2
Summonings     | 2 |  2.0
Translocations | 2 |  2.0
Fire Magic     | 1 2 |  2.4
Conjurations   | 2 3 4 |  4.3
Dodging        | |  2.4
Stealth        | |  2.4
Spellcasting   | |  4.4

Action                   |  1- 3 |  4- 6 || total
-------------------------+-------+-------++-------
Melee: Dagger            |    37 |    55 ||    92
 Cast: Magic Dart        |    27 |    23 ||    50
       Call Imp          |    13 |    23 ||    36
       Blink             |     2 |       ||     2
       Slow              |     2 |       ||     2
Invok: Ancestor Identity |       |     1 ||     1
  Use: Scroll            |     5 |       ||     5
 Stab: Sleeping          |     8 |     4 ||    12
Armor: Robe              |     3 |     4 ||     7
Dodge: Dodged            |    24 |    33 ||    57

Table legend: (Time is in decaauts)
 A = Elapsed time spent in this place.
 B = Non-inter-level travel time spent in this place.
 C = Inter-level travel time spent in this place.
 D = Time resting spent in this place.
 E = Time spent auto-exploring this place.
 F = Levels seen in this place.
 G = Mean time per level.
                   A        B        C        D        E       F      G
               +--------+--------+--------+--------+--------+-----+--------+
         Total |   4028 |   3803 |    225 |   1525 |    679 |   3 | 1342.7 |
       Dungeon |   4028 |   3803 |    225 |   1525 |    679 |   3 | 1342.7 |
               +--------+--------+--------+--------+--------+-----+--------+

Top non-repeatable levels by time:
     D:2: 1901 daAuts
     D:1: 1069 daAuts
     D:3: 1057 daAuts
